FIQ, neutral male gnomish Wizard ---------- ------------- |........| |...........| |...*....| |...........| #.........| ##u...........| ###|........| ^ # |...........| # |........| ------|----- ## |............# # -----|---- |..........-#### # ----------|-- # # #-MB.u......| ### ######## # # |.G........| ### # # ### t |.<........| ### # ## # # |..........| # ### -|--- # -.-- a |.(_........## # |...| -------# |..| ------------ `##|...| |.....|# |..| #....| #-......# |..| |....####|.....| |..| u ----- ------- ###.(.| e F ---- FIQ the Thaumaturge Experience level: 9 Strength: 10 Dexterity: 10 Constitution: 15 Intelligence: 18 Wisdom: 19 Charisma: 7 Health: 0(46) Energy: 95(95) Def: 1 Gold: 380 Moves: 7545 Dungeon seed: YOplr4N5prRrnMZo Game ID: FIQ_1465066939 Your Inventory: Coins $ - 380 gold pieces Weapons a - a blessed +2 quarterstaff (weapon in hands) Armor e - an uncursed +0 cloak of magic resistance (being worn) Comestibles b - 3 uncursed food rations i - an uncursed carrot p - 2 uncursed pancakes q - an uncursed candy bar L - 3 uncursed bananas Scrolls v - an uncursed scroll of magic mapping x - an uncursed scroll of identify C - a blessed scroll of identify E - an uncursed scroll of taming J - an uncursed scroll of scare monster Potions G - an uncursed potion of levitation Rings z - an uncursed ring of see invisible Tools h - an uncursed +0 unicorn horn k - an uncursed skeleton key s - an uncursed stethoscope t - an uncursed towel w - an uncursed magic whistle Gems n - an uncursed diamond N - an uncursed luckstone Spells and supernatural/magical abilities: Name Level Category Fail Memory a - force bolt 1 attack 0% 63% c - cause fear 3 enchantment 0% 82% h - healing 1 healing 0% 83% m - magic missile 2 attack 0% 72% n - detect monsters 1 divination 0% 78% H - haste self 3 escape 0% 63% L - levitation 4 escape 53% 81% R - restore ability 4 healing 96% 82% W - pray for help -- divine ? -- Your skills at the end: Miscellaneous Skills wands [Skilled] Weapon Skills quarterstaff [Basic] crossbow [Basic] Spellcasting Skills attack spells [Basic] divination spells [Skilled] enchantment spells [Basic] escape spells [Basic] Final Attributes: You were fervently aligned. You were sleep resistant. You were poison resistant. You were magic-protected. You were telepathic. You had infravision. You were sensing the presence of monsters. You were very lucky. You had extra luck. Bad luck did not time out for you. Good luck did not time out for you. You are dead. Vanquished creatures: a jabberwock a vampire a hill giant a xan an ettin mummy a wood golem a chameleon a giant beetle a leprechaun a spotted jelly 2 giant spiders an orc mummy 3 dwarf mummies 3 Green-elves a dog a dingo a white unicorn 2 gnome mummies a snake 2 rope golems 4 soldier ants 2 bugbears 7 Uruk-hai an orc shaman 2 rock moles a rock piercer 2 yellow lights a shrieker 2 violet fungi a kobold mummy a red naga hatchling a golden naga hatchling 2 gray oozes 3 straw golems a little dog 5 floating eyes a kitten 3 dwarves a homunculus 3 iguanas 2 hill orcs a rabid rat 2 giant bats a monkey 2 orc zombies a dwarf zombie a wererat 2 werejackals 3 killer bees 3 coyotes 2 gas spores 6 hobbits 3 large kobolds 7 geckos a hobgoblin 2 giant rats 6 cave spiders 2 brown molds 2 yellow molds a green mold a red mold 7 gnomes 14 garter snakes 3 gnome zombies 9 jackals 2 foxes 4 kobolds 8 newts 5 goblins 3 sewer rats 15 grid bugs a bat 7 lichens 6 kobold zombies 206 creatures vanquished. Voluntary challenges: You used a wielded weapon 122 times, starting on turn 40. You read items or engraved 47 times, starting on turn 1269. You never genocided any monsters. You never polymorphed an object. You never changed form. You used no wishes. You never split a pudding. You never wrote Elbereth's name. You violated your moral code, losing 4 points of alignment, starting on turn 2115. Dungeon overview: The Dungeons of Doom: levels 1 to 6 Level 1 a fountain a long staircase Level 2 some fountains, a sink stairs to The Gnomish Mines Level 3 Level 4 some fountains Level 5 a fountain Level 6 <- You were here an altar to Thoth The Gnomish Mines: levels 3 to 10 Level 3 stairs to The Dungeons of Doom Level 4 Level 5 Level 6 many shops, a temple to Ptah, a magic chest, some fountains, some trees Level 7 Level 8 Level 9 Level 10 a magic chest, some fountains History has recorded: On T:1 you entered the Dungeons of Doom to retrieve the Amulet of Yendor! On T:580 you advanced to experience level 2. On T:626 you reached level 2 of The Dungeons of Doom. On T:953 you advanced to experience level 3. On T:1045 you reached level 1 of The Gnomish Mines. On T:1176 you reached level 2 of The Gnomish Mines. On T:1267 you advanced to experience level 4. On T:1483 you reached level 3 of The Gnomish Mines. On T:1616 you advanced to experience level 5. On T:1729 you reached level 4 of The Gnomish Mines. On T:1846 you entered the Minetown temple On T:1855 you opened a magic chest. On T:2304 you reached level 5 of The Gnomish Mines. On T:2429 you advanced to experience level 6. On T:2525 you reached level 6 of The Gnomish Mines. On T:2755 you reached level 7 of The Gnomish Mines. On T:3126 you reached level 8 of The Gnomish Mines. On T:3126 you reached the bottom of the Mines. On T:3129 you advanced to experience level 7. On T:3819 you opened a magic chest. On T:3820 you opened a magic chest. On T:3972 you advanced to experience level 8. On T:4766 you opened a magic chest. On T:4769 you opened a magic chest. On T:4770 you opened a magic chest. On T:4770 you opened a magic chest. On T:4771 you opened a magic chest. On T:5399 you reached level 3 of The Dungeons of Doom. On T:5767 you reached level 4 of The Dungeons of Doom. On T:6279 you reached level 5 of The Dungeons of Doom. On T:6877 you reached level 6 of The Dungeons of Doom. On T:7406 you advanced to experience level 9. Score breakdown: Gold: 380 ( 38 points) Experience: 9 levels ( 800 points) Exploration: 10 levels ( 270 points) Discoveries: 25 items ( 1250 points) Variety of kills: 74 monsters ( 2000 points) Major goal: reached Mine's End ( 1000 points) Survival: died (score multiplied by 3) Total score: 16074 Latest messages: You hear nothing special. You hear nothing special. You hear nothing special. You hear nothing special. You hear nothing special. You hear a hollow sound. This must be a secret door! The door resists! The door opens. You are too hungry to cast that spell. The giant bat bites! You faint from lack of food. The giant bat bites! (11x) The gnome mummy scratches you! You die... Your body rises from the dead as a gnome mummy... Final status: Goodbye FIQ the Wizard, killed by a gnome mummy, while fainted from lack of food... You died in The Dungeons of Doom on dungeon level 6 with 16074 points, and 380 pieces of gold, after 7545 moves. You were level 9 with a maximum of 46 hit points when you died.